AoeStats
← GdR_TARABS

Arabia

503417591Analyzed
2v2 RM · 1mo ago on Aug 31, 2026· 36m 47s· 4 players
Game mode
Random Map
Map size
Medium (4 player)
Population
200
Speed
Normal
Resources
Standard
Victory
Conquest
Starting age
Dark Age
Ending age
Imperial Age
RankedLock teamsTeams togetherTeam positionsShared explorationLock speedFull tech treeHidden civsTurbo modeCheats
Victory
Defeat
🇪🇸 Franks · Spain
906
+15
🇫🇷 Armenians · France
906
+15
🇩🇪 Ethiopians · Germany
899
-16
🇮🇹 Huns · Italy
892
-15
GdR_TARABS
8:31 Loom
11:59 Feudal Age
24:26 Horse Collar
24:46 Double-Bit Axe
Orion8TV
7:02 Loom
9:52 Feudal Age
11:24 Double-Bit Axe
13:13 Fletching
17:43 Horse Collar
26:35 Castle Age
25:57 Forging
25:55 Gold Mining
27:31 Crossbowman
28:17 Thumb Ring
28:36 Bow Saw
29:29 Scale Mail Armor
29:27 Bodkin Arrow
30:26 Heavy Plow
34:48 Wheelbarrow
alonsonce
10:03 Feudal Age
21:10 Castle Age
20:26 Double-Bit Axe
21:56 Husbandry
29:59 Scale Barding Armor
32:50 Imperial Age
33:21 Bow Saw
33:15 Cavalier
34:27 Cavalier
35:32 Chain Barding Armor
Draco Malfoy
10:47 Feudal Age
11:16 Man-at-Arms
13:31 Long Swordsman
17:20 Horse Collar
17:28 Double-Bit Axe
21:55 Castle Age
22:53 Elite Skirmisher
25:22 Fletching
25:43 Forging
26:07 Gambesons
25:58 Two-Handed Swordsman
27:20 Scale Mail Armor
33:54 Iron Casting
33:35 Chain Mail Armor
33:20 Bodkin Arrow
33:49 Champion
35:02 Padded Archer Armor
36:49 Leather Archer Armor
Connection lost

Rejoining the realm…

Still unreachable

The connection could not be restored.

Session expired

The server has moved on; the page needs a fresh start.